 Dungeon Crawl Stone Soup version 0.30.1-3-gfc49f6343a (webtiles) character file.

Game seed: 2188417019760304100

478 KyoPewz the Cudgeller (level 7, 0/71 HPs)
             Began as an Ogre Gladiator on July 30, 2023.
             Slain by an orc priest
             ... wielding a +0 whip
              (4 damage)
             ... on level 4 of the Dungeon.
             The game lasted 00:08:40 (3330 turns).

KyoPewz the Cudgeller (Ogre Gladiator)              Turns: 3330, Time: 00:08:41

Health: 0/71       AC:  3    Str: 21      XL:     7   Next: 11%
Magic:  7/7        EV: 10    Int:  9      God:
Gold:   208        SH:  0    Dex: 12 (16) Spells: 6/6 levels left

rFire   . . .        A - +1 short sword (speed)
rCold   . . .        (no shield)
rNeg    . . .        b - +0 robe
rPois   .            c - +0 hat
rElec   .            (no cloak)
rCorr   .            (gloves unavailable)
SInv    .            (boots unavailable)
Will    .....        w - amulet of regeneration
Stlth   +            v - +6 ring of dexterity
HPRegen 1.11/turn    (no ring)
MPRegen 0.10/turn

%: no passive effects
@: no status effects
A: large, unfitting armour, tough skin 1
a: no special abilities


You were on level 4 of the Dungeon.
You visited 1 branch of the dungeon, and saw 5 of its levels.

You collected 208 gold pieces.

Inventory:

Hand Weapons
 a - a +0 flail
 l - a +0 mace
 A - a +1 short sword of speed (weapon)
Missiles
 d - 3 throwing nets
 s - 31 stones (quivered)
 t - 5 poisoned darts
 x - 5 boomerangs
Armour
 b - a +0 robe (worn)
 c - a +0 hat (worn)
Magical Staves
 e - a staff of earth
Jewellery
 v - a +6 ring of dexterity (left hand)
 w - an amulet of regeneration (around neck)
Scrolls
 i - a scroll of summoning {unknown}
 j - 2 scrolls of immolation {unknown}
 k - 2 scrolls of identify {unknown}
 m - a scroll of blinking {unknown}
 o - a scroll of magic mapping {unknown}
 p - a scroll of noise {unknown}
 q - a scroll of acquirement {unknown}
 r - 3 scrolls of enchant armour {unknown}
 u - a scroll of enchant weapon {unknown}
 y - a scroll of teleportation {unknown}
 B - a scroll of vulnerability {unknown}
Potions
 f - a potion of flight {unknown}
 g - a potion of attraction {unknown}
 h - 2 potions of haste {unknown}
 n - 6 potions of curing {unknown}
 z - a potion of brilliance {unknown}


   Skills:
 + Level 4.9 Fighting
 - Level 5.0 Maces & Flails
 + Level 4.8 Throwing
 - Level 2.6 Dodging


You had 6 spell levels left.
You didn't know any spells.
Your spell library contained the following spells:

 Spells                   Type           Power      Damage    Failure   Level
 Shock                    Conj/Air       0%         1d3       38%         1
 Passage of Golubria      Tloc           0%         N/A       99%         4
 Silence                  Hex/Air        0%         N/A       100%        5
 Disjunction              Tloc           0%         N/A       100%        8


Dungeon Overview and Level Annotations

Branches:
Dungeon (5/15)
 Temple: D:4-7

Altars:
Hepliaklqana
Makhleb
Sif Muna

Annotations:
D:4 Eustachio


Innate Abilities, Weirdness & Mutations

You are too large for most types of armour.
You have tough skin. (AC +1)


Message History

The orc priest is severely wounded.
The quasit bites you but does no damage.
The quasit claws you.
The quasit claws you but does no damage.
The quasit bites you.
* * * LOW HITPOINT WARNING * * *
The quasit closely misses you.
The quasit claws you but does no damage.
The orc priest hits you with a +0 whip.
* * * LOW HITPOINT WARNING * * *
Eustachio barely misses you.
You take 6 damage, and have 18/71 hp.
You hit the orc priest but do no damage.
The orc priest is severely wounded.
The quasit bites you.
* * * LOW HITPOINT WARNING * * *
You feel clumsy.
The quasit barely misses you. x2; The quasit bites you.
* * * LOW HITPOINT WARNING * * *
You feel clumsy. The quasit barely misses you. The quasit closely misses you.
You take 1 damage, and have 17/71 hp.
You hit the orc priest but do no damage.
The orc priest is severely wounded.
The orc priest barely misses you. Eustachio hits you with a +0 rapier.
* * * LOW HITPOINT WARNING * * *
The quasit bites you.
* * * LOW HITPOINT WARNING * * *
The quasit barely misses you. The quasit claws you.
* * * LOW HITPOINT WARNING * * *
You feel clumsy.
You take 5 damage, and have 12/71 hp.
You hit the orc priest but do no damage.
You punch the orc priest.
The orc priest is almost dead.
The quasit closely misses you. x2; The quasit barely misses you.
Eustachio hits you with a +0 rapier!
* * * LOW HITPOINT WARNING * * *
The orc priest hits you with a +0 whip.
You die...

#.# #.....# #.# #.# ###.###
#.# ##.# #.# #.# #..#
#.########.#
#.#########.......##.#
#.#.......#...###^##.# #
#.#.#####......##.##.# #
#.#.#####..5.o..#.##.# #
#......##...@@.......# #
###.##.......5..#############
#.#####......## #.......
#######...........## #.######
..........####...## #.# #
#.##.####.# #...# #.# #
#.##.####.# #...#########.#
#......##.# #.........##..# #
.###.#.##.####...#####.##.##
#


You could see Eustachio, an orc priest and 2 quasits.

Vanquished Creatures
  2 phantoms (D:3)
  A scorpion (D:4)
  2 hounds (D:4)
  An iguana (D:3)
  An orc wizard (D:3)
  4 gnolls (D:4)
  2 adders
  A shadow imp (D:4)
  2 worms
  A dart slug (D:1)
  8 orcs (D:3)
  4 bats
  8 endoplasms
  7 giant cockroaches
  5 goblins
  11 hobgoblins
  6 jackals
  2 quokkas
  3 ball pythons
  5 frilled lizards
  8 kobolds
  4 rats
88 creatures vanquished.

Notes
Turn   | Place    | Note
-------+----------+-------------------------------------------
     0 | D:1      | KyoPewz the Ogre Gladiator began the quest for the Orb.
     0 | D:1      | Reached XP level 1. HP: 22/22 MP: 1/1
   130 | D:1      | Reached skill level 3 in Maces & Flails
   219 | D:1      | Reached XP level 2. HP: 24/29 MP: 2/2
   531 | D:1      | Reached XP level 3. HP: 34/36 MP: 3/3
   603 | D:1      | Got the Opusculum on Fulgurant Displacement
  1537 | D:2      | Reached XP level 4. HP: 38/44 MP: 4/4
  1628 | D:3      | Reached skill level 4 in Maces & Flails
  2055 | D:3      | Identified the +1 ring mail "Odaokil" {Str+4 Dex+4}
  2229 | D:4      | Noticed a scorpion
  2269 | D:4      | Reached XP level 5. HP: 44/50 MP: 5/5
  2277 | D:4      | Noticed a phantom
  2292 | D:3      | Killed a phantom
  2293 | D:3      | Reached skill level 5 in Maces & Flails
  2304 | D:4      | Found a hazy altar of Hepliaklqana.
  2304 | D:4      | Found a burning altar of Makhleb.
  2305 | D:4      | Found a shimmering blue altar of Sif Muna.
  2327 | D:4      | Noticed a phantom
  2377 | D:3      | Killed a phantom
  2378 | D:3      | Reached XP level 6. HP: 52/61 MP: 6/6
  2656 | D:4      | Reached XP level 7. HP: 57/71 MP: 7/7
  3302 | D:5      | Entered Level 5 of the Dungeon
  3302 | D:5      | Noticed Eustachio
  3330 | D:4      | Slain by an orc priest

Illustrated notes

Levels and vault maps discovered:
D:1:      dpeg_chamrin_arrival_tetris, layout_basic
D:2:      minmay_skewed_foursquare, layout_rooms
D:3:      layout_loops_ring
D:4:      layout_loops_cross, chequers_temple_overflow_statue_of_worship,
          serial_bayou_pond_e
D:5:      layout_basic, gammafunk_temple_overflow_claw,
          minmay_temple_entry_enclosed_plants, uniq_crazy_yiuf_cottage,
          uniq_grinder, uniq_eustachio

Skill      XL: |  1  2  3  4  5  6 |
---------------+-------------------+-----
Maces & Flails | 3 4 5 |  5.0
Throwing       | 3 4 |  4.8
Fighting       | 3 4 |  4.9
Dodging        | |  2.6

Action                     |  1- 3 |  4- 6 |  7- 9 || total
---------------------------+-------+-------+-------++-------
  Melee: Flail             |   112 |    80 |       ||   192
         Short sword       |       |   117 |    51 ||   168
         Punch             |       |     2 |     4 ||     6
  Throw: Stone             |       |    15 |       ||    15
         Boomerang         |       |     3 |     5 ||     8
         Large rock        |       |     2 |       ||     2
   Stab: Sleeping          |     3 |     1 |       ||     4
 Armour: Robe              |    34 |    38 |    19 ||    91
  Dodge: Dodged            |    61 |    96 |    32 ||   189
